 Dungeon Crawl Stone Soup version 0.27.1-35-g4d5d836560 (webtiles) character file.

Game seed: 5702746278533855849

19829 tkbsonic5 the Fighter (level 12, -3/108 HPs)
             Began as a Ghoul Abyssal Knight on Dec 24, 2022.
             Was a Priest of Lugonu.
             Killed by divine providence
             ... invoked by a meliai
              (14 damage)
             ... on level 5 of the Lair of Beasts on Dec 26, 2022.
             The game lasted 01:17:33 (15007 turns).

tkbsonic5 the Fighter (Ghoul Abyssal Knight)       Turns: 15007, Time: 01:17:34

Health: -3/108     AC: 18    Str: 19    XL:     12   Next: 73%
Magic:  18/18      EV:  4    Int: 13    God:    Lugonu [***...]
Gold:   744        SH: 18    Dex: 10    Spells: 13/13 levels left

rFire    . . .     SeeInvis .     - Unarmed
rCold    + . .     Faith    .   F - +3 tower shield {AC+3}
rNeg     + + +     Spirit   .   f - +0 chain mail
rPois    ∞         Reflect  .   d - +0 helmet
rElec    .         Harm     .   (no cloak)
rCorr    .         Rampage  .   (no gloves)
Will     .....                  (no boots)
Stlth    ..........             E - amulet of regeneration
HPRegen  0.00/turn              e - +6 ring of intelligence
MPRegen  0.16/turn              w - +4 ring of protection

@: silenced, inhibited regen
A: claws 1, cold resistance 1, negative energy resistance 3, inhibited
regeneration, torment resistance 2
a: Renounce Religion


You were on level 5 of the Lair of Beasts.
You worshipped Lugonu.
Lugonu was most pleased with you.
You visited 2 branches of the dungeon, and saw 14 of its levels.
You visited the Abyss 1 time.

You collected 1054 gold pieces.
You spent 310 gold pieces at shops.

Inventory:

Hand Weapons
 c - a +3 dagger of protection
 r - a +1 dagger of protection
 t - a +4 vampiric spear
 H - the +8 long sword of Gafyohox {vorpal, rC+ Str+2}
   (You found it on level 5 of the Lair of Beasts)

   It inflicts extra damage upon your enemies.
   Str:       It affects your strength (+2).
   rC:        It protects you from cold.
 I - a +3 short sword of speed
Missiles
 k - a throwing net
 o - 37 poisoned darts
 q - 59 sling bullets
 u - 97 bolts
 z - 14 boomerangs (quivered)
 J - a curare-tipped dart
 K - 6 atropa-tipped darts
Armour
 a - a +0 leather armour
 d - a +0 helmet (worn)
 f - a +0 chain mail (worn)
 m - a +2 kite shield
 C - the +1 robe "Onux" {Dex+4}
   (You found it on level 5 of the Dungeon)

   Dex:       It affects your dexterity (+4).
 F - a +3 tower shield of protection (worn)
Jewellery
 e - a +6 ring of intelligence (left claw)
 g - a ring of wizardry
 w - a +4 ring of protection (right claw)
 x - a ring of ice
 A - a ring of wizardry
 E - an amulet of regeneration (around neck)
Wands
 j - a wand of paralysis (6)
Scrolls
 h - 3 scrolls of identify
 D - a scroll of enchant weapon
 G - 2 scrolls of fog
Potions
 b - a potion of cancellation
 i - 3 potions of brilliance
 p - a potion of lignification {unknown}
 s - 3 potions of flight
 v - 2 potions of magic
Miscellaneous
 y - a piece from Xom's chessboard (1/15)


   Skills:
 * Level 10.9 Fighting
 - Level 1.7 Polearms
 * Level 3.5 Throwing
 + Level 6.1 Armour
 + Level 3.5 Dodging
 * Level 6.1 Shields
 * Level 9.9 Unarmed Combat
 - Level 1.2 Spellcasting
 - Level 1.2 Conjurations
 - Level 1.8 Earth Magic
 + Level 10.2 Invocations
 + Level 6.0 Evocations


You had 13 spell levels left.
You didn't know any spells.
Your spell library contained the following spells:

 Spells                   Type           Power      Damage    Failure   Level
 Animate Skeleton         Necr           0%         N/A       100%        1
 Apportation              Tloc           0%         N/A       100%        1
 Corona                   Hex            0%         N/A       100%        1
 Summon Small Mammal      Summ           0%         N/A       100%        1
 Gell's Gravitas          Tloc           0%         N/A       100%        3
 Lesser Beckoning         Tloc           0%         N/A       100%        3
 Stone Arrow              Conj/Erth      8%         3d7       100%        3
 Teleport Other           Tloc           0%         N/A       100%        3
 Bolt of Magma            Conj/Fire/Erth 1%         4d4       100%        5
 Dispersal                Tloc           0%         N/A       100%        6
 Shatter                  Erth           2%         3d6*      100%        9


Dungeon Overview and Level Annotations

Branches:
Dungeon (9/15)             Temple (0/1) D:6            Lair (5/6) D:9
  Swamp (0/4) Lair:4        Snake (0/4) Lair:2
  Slime: Lair:5-6       Orc: D:9-12

Altars:
Cheibriados
Nemelex Xobeh
Vehumet
Xom
Yredelemnul
Zin

Shops:
D:5 *   D:6 (

Annotations:
Lair:2 corrupted
Lair:4 corrupted, exclusion: oklob plant
Abyss:1 Prince Ribbit


Innate Abilities, Weirdness & Mutations

You thrive by killing the living.
You are immune to poison.
You have sharp fingernails.
Your flesh is cold resistant. (rC+)
You are immune to negative energy. (rN+++)
You do not regenerate when monsters are visible.
You are immune to unholy pain and torment.


Message History

You block the killer bee's attack. x2; The killer bee barely misses you.
The killer bee stings you but does no damage.
You block the killer bee's attack.
The killer bee stings you but does no damage.
You block the killer bee's attack. x2
The meliai mumbles some strange prayers to its god against you.
Something smites you!
The teleport trap disappears.
The killer bee disappears!
You block the killer bee's attack. You block the killer bee's attack.
The killer bee stings you but does no damage. x3
You block the killer bee's attack. x2; The killer bee stings you. x2
The killer bee stings you but does no damage.
The killer bee stings you but does no damage. x3
You block the killer bee's attack.
The meliai mumbles some strange prayers to its god against you.
Something smites you!
* * * LOW HITPOINT WARNING * * *
The killer bee stings you.
* * * LOW HITPOINT WARNING * * *
You block the killer bee's attack. x3
The killer bee stings you but does no damage.
The killer bee stings you but does no damage.
You block the killer bee's attack. x2
The killer bee stings you but does no damage.
The meliai mumbles some strange prayers to its god against you.
Something smites you!
* * * LOW HITPOINT WARNING * * *
You block the killer bee's attack.
The killer bee stings you but does no damage.
You block the killer bee's attack. x2
There is a stone staircase leading up here.
You block the meliai's attack. x2
The killer bee stings you but does no damage.
You block the killer bee's attack.
The killer bee stings you but does no damage.
The meliai hits you but does no damage.
The meliai stings you but does no damage.
The meliai mumbles some strange prayers to its god against you.
Something smites you!
You die...

♣♣#†#....##Y#....##.#.....#....#.
.................................
♣≈...............................
♣♣...............................
♣..##...P.##..##.#.....#.###.##..
♣♣#######.###..###...<#### ###..#
...##.#######.#.y.....##.######..
................yyyy.............
................@yyy.............
................>yyy.............
P##.....)....##.##yy...##.#...###
#...#.##.#.##.###y....####..####
..##.#####D###...##....#####.#.#
.. #...#.##.#.#.......#.##.....##
. ..............................
. ..[...........................
.............................


You could see 2 meliai and 12 killer bees.

Vanquished Creatures
  A black mamba (Lair:3)
  12 elephants
  7 cane toads
  4 komodo dragons
  4 rime drakes
  6 blink frogs
  2 dream sheep (Lair:2)
  16 yaks
  2 nagas (Lair:2)
  11 water moccasins
  3 black bears
  2 hornet zombies
  An ice beast (D:6)
  3 ogres
  13 wolves
  5 centaurs
  2 kobold brigands
  3 scorpions
  5 bullfrogs
  A wyvern zombie (D:5)
  A water moccasin zombie (D:6)
  2 water moccasin skeletons
  4 howler monkeys
  A bullfrog skeleton (D:7)
  3 orc priests
  4 hounds
  Jessica (D:3)
  An iguana (D:5)
  4 orc wizards
  A hell rat (D:8)
  A hound skeleton (D:4)
  A howler monkey zombie (D:9)
  2 adders
  2 river rats (D:9)
  3 shadow imps (D:6)
  2 white imps
  2 ufetubi
  2 adder skeletons
  A worm (D:4)
  6 dart slugs
  20 orcs
  3 ball pythons
  2 endoplasms (D:3)
  4 giant cockroaches
  8 goblins
  7 hobgoblins
  8 jackals (D:1)
  15 kobolds
  7 quokkas
  7 bats
  3 frilled lizards (D:3)
  A rat (D:9)
232 creatures vanquished.

Vanquished Creatures (collateral kills)
  2 dream sheep (Lair:2)
  3 yaks (Lair:2)
5 creatures vanquished.

Vanquished Creatures (others)
  2 hydras (Lair:4)
  4 elephants (Lair:4)
  A black mamba (Lair:4)
  A cane toad (Lair:2)
  2 polar bears (Lair:4)
  19 yaks
  3 water moccasins
  A sky beast (Lair:2)
  11 wolves (Lair:2)
  2 bullfrogs (Lair:2)
  24 fungi
  26 plants
96 creatures vanquished.

Grand Total: 333 creatures vanquished

Notes
Turn   | Place    | Note
-------+----------+-------------------------------------------
     0 | Abyss:1  | tkbsonic5 the Ghoul Abyssal Knight began the quest for the
                  | Orb.
     0 | Abyss:1  | Reached XP level 1. HP: 19/19 MP: 1/1
    77 | Abyss:1  | Noticed a tentacled starspawn
    78 | D:1      | Escaped the Abyss
   144 | D:1      | Reached XP level 2. HP: 21/26 MP: 2/2
   384 | D:1      | Reached * piety under Lugonu
   715 | D:1      | Reached XP level 3. HP: 30/31 MP: 4/4
  2093 | D:2      | Reached XP level 4. HP: 35/40 MP: 5/5
  2409 | D:3      | Noticed an ogre
  2417 | D:3      | Killed an ogre
  2418 | D:3      | Reached XP level 5. HP: 47/47 MP: 6/6
  2431 | D:3      | Learned a level 3 spell: Stone Arrow
  2464 | D:3      | Reached ** piety under Lugonu
  2682 | D:3      | Found a radiant altar of Vehumet.
  2747 | D:3      | Noticed Jessica
  2761 | D:3      | Killed Jessica
  3263 | D:4      | Noticed a black bear
  3274 | D:4      | Killed a black bear
  3275 | D:4      | Reached skill level 1 in Dodging
  3275 | D:4      | Reached XP level 6. HP: 48/55 MP: 8/8
  3353 | D:4      | Found a shimmering altar of Xom.
  3353 | D:4      | Found a sparkling altar of Nemelex Xobeh.
  3619 | D:4      | Found a basalt altar of Yredelemnul.
  3702 | D:5      | Entered Level 5 of the Dungeon
  4055 | D:5      | Reached skill level 5 in Fighting
  4057 | D:5      | Reached XP level 7. HP: 39/61 MP: 9/9
  4410 | D:5      | Reached skill level 5 in Unarmed Combat
  4410 | D:5      | Reached skill level 5 in Invocations
  4413 | D:5      | Identified the +1 robe "Onux" {Dex+4}
  4797 | D:5      | Reached skill level 1 in Earth Magic
  4892 | D:5      | Reached skill level 1 in Spellcasting
  4892 | D:5      | Reached skill level 1 in Conjurations
  4892 | D:5      | Reached XP level 8. HP: 70/70 MP: 9/11
  4961 | D:5      | Found Fosu Roge's General Store.
  4983 | D:5      | Bought a potion of ambrosia for 104 gold pieces
  4983 | D:5      | Bought a scroll of identify for 26 gold pieces
  5097 | D:5      | Reached *** piety under Lugonu
  6147 | D:6      | Found Suehant's Antique Weapon Emporium.
  6411 | D:6      | Found a staircase to the Ecumenical Temple.
  6890 | D:7      | Reached XP level 9. HP: 61/78 MP: 12/12
  6931 | D:7      | Reached skill level 1 in Shields
  7224 | D:7      | Found a flagged portal.
  7886 | D:8      | Found Zin's Purification Station.
  7894 | D:8      | Bought 2 potions of curing for 180 gold pieces
  8091 | D:8      | Found a snail-covered altar of Cheibriados.
  8510 | D:8      | Reached **** piety under Lugonu
  8744 | D:9      | Noticed a death yak
  8901 | D:9      | Noticed Prince Ribbit
  8902 | D:9      | Banished Prince Ribbit
  9152 | D:9      | Found a staircase to the Lair.
  9184 | D:9      | Noticed a death yak
  9238 | D:9      | Noticed a death yak
  9243 | Lair:1   | Entered Level 1 of the Lair of Beasts
  9462 | Lair:1   | Noticed a cane toad
  9470 | Lair:1   | Killed a cane toad
  9471 | Lair:1   | Reached skill level 1 in Evocations
  9566 | Lair:1   | Noticed a cane toad
  9574 | Lair:1   | Killed a cane toad
  9575 | Lair:1   | Reached XP level 10. HP: 78/88 MP: 14/14
  9939 | Lair:1   | Noticed a five-headed hydra
  9943 | Lair:1   | Banished a five-headed hydra
 10137 | Lair:1   | Reached XP level 11. HP: 38/97 MP: 16/16
 10519 | Lair:2   | Found a staircase to the Snake Pit.
 10725 | Lair:2   | Reached skill level 5 in Armour
 10768 | Lair:2   | Corrupted Lair:2
 10769 | Lair:2   | Paralysed by an apocalypse crab for 5 turns
 11200 | Lair:2   | Reached skill level 5 in Evocations
 11742 | Lair:3   | Reached skill level 1 in Throwing
 11855 | Lair:3   | Reached skill level 5 in Shields
 11878 | Lair:3   | Reached skill level 1 in Polearms
 12070 | Lair:2   | HP: 3/99 [black mamba (12)]
 12201 | Lair:3   | Reached skill level 10 in Fighting
 12354 | Lair:3   | Reached XP level 12. HP: 30/106 MP: 18/18
 12760 | Lair:4   | Corrupted Lair:4
 12760 | Lair:4   | Noticed a deep elf elementalist
 12760 | Lair:4   | Noticed a dread lich
 12760 | Lair:4   | Noticed a great orb of eyes
 12760 | Lair:4   | Noticed a brown very ugly thing
 12760 | Lair:4   | Noticed a rakshasa
 12760 | Lair:4   | Noticed a lich
 12760 | Lair:4   | Noticed a revenant
 12760 | Lair:4   | Noticed a starcursed mass
 12760 | Lair:4   | Noticed a thrashing horror
 12762 | Lair:4   | Noticed a deep elf demonologist
 12762 | Lair:4   | Noticed a reaper
 12762 | Lair:4   | Noticed a thrashing horror
 12763 | Lair:4   | Noticed an Ice Fiend
 12765 | Lair:4   | Noticed a deep elf knight
 12780 | Lair:4   | Noticed a balrug
 12810 | Lair:4   | Killed a six-headed hydra
 12818 | Lair:4   | Killed a six-headed hydra
 13251 | Lair:4   | Reached skill level 10 in Invocations
 13359 | Lair:4   | Found a staircase to the Swamp.
 14202 | Lair:5   | HP: 3/108 [elephant (14)]
 14529 | Lair:5   | Identified the +8 long sword of Gafyohox {vorpal, rC+
                  | Str+2}
 14568 | Lair:5   | Noticed a six-headed hydra
 15007 | Lair:5   | Killed from afar by a meliai

Illustrated notes

Levels and vault maps discovered:
D:1:      heliophobic_arrival_battle_scene, layout_rooms
D:2:      layout_basic
D:3:      layout_basic, nicolae_overflow_crystal_walls, minivault_25,
          uniq_jessica
D:4:      layout_cave_pools, mainiacjoe_overflow_paths, jmf_multi_god_temple
D:5:      layout_loops_ring, serial_shops, nicolae_shop_window_shopping
D:6:      layout_loops_ring, minmay_temple_entry_junction, serial_shops,
          nicolae_take_the_stairs, kennysheep_generic_room_8
D:7:      layout_loops_corners, enter_bailey_8, grunt_ministairs_7
D:8:      layout_gridville, zin_purify, mainiacjoe_overflow_six_doors_small
D:9:      layout_roguey, dpeg_lair_monsters, kennysheep_generic_room_9,
          uniq_prince_ribbit1
Lair:1:   layout_roguey, chequers_serial_rivers_micro_c, beast_lair_carwin_5
Lair:2:   layout_regular_city, guppyfry_snake_entry_island, patterned_corridor
Lair:3:   layout_gridlike, serial_bayou_shore_b
Lair:4:   layout_long_grid, palyth_hydra_swamp_entry
Lair:5:   layout_long_grid, special_room [special_room_bee],
          chequers_serial_rivers_micro_b, serial_bayou_crossing

Skill      XL: |  1  2  3  4  5  6  7  8  9 10 11 12 |
---------------+-------------------------------------+-----
Invocations    | 3 4 5 6 7 8 9 10 | 10.2
Unarmed Combat | 3 4 5 6 7 8 9 |  9.9
Fighting       | 4 5 6 7 9 10 | 10.9
Armour         | 2 3 4 5 6 |  6.1
Dodging        | 1 2 3 |  3.5
Earth Magic    | 1 |  1.8
Spellcasting   | 1 |  1.2
Conjurations   | 1 |  1.2
Shields        | 3 4 5 6 |  6.1
Evocations     | 1 3 5 6 |  6.0
Throwing       | 1 3 |  3.5
Polearms       | 1 |  1.7

Action                   |  1- 3 |  4- 6 |  7- 9 | 10-12 || total
-------------------------+-------+-------+-------+-------++-------
Melee: Unarmed           |    46 |    65 |   411 |   593 ||  1115
       Dagger            |    76 |    42 |       |     2 ||   120
       Punch             |     1 |     4 |     1 |       ||     6
       Spear             |       |    18 |       |   135 ||   153
       Long sword        |       |       |       |    10 ||    10
Throw: Dart              |       |     5 |       |    41 ||    46
       Boomerang         |       |       |       |    33 ||    33
 Cast: Stone Arrow       |       |       |     6 |       ||     6
Invok: Depart the Abyss  |     1 |       |       |       ||     1
       Bend Space        |       |     3 |    13 |     6 ||    22
       Banish            |       |       |     2 |     9 ||    11
       Corrupt           |       |       |       |     2 ||     2
Evoke: Wand              |       |     4 |     4 |    18 ||    26
       Piece from Xom's  |       |       |       |    19 ||    19
  Use: Scroll            |     2 |     1 |    14 |    17 ||    34
       Potion            |       |     7 |     6 |     9 ||    22
 Stab: Paralysed         |       |     4 |     5 |     3 ||    12
       Petrified         |       |       |       |     8 ||     8
       Petrifying        |       |       |       |     1 ||     1
Armor: Leather armour    |    26 |    15 |     5 |       ||    46
       Robe              |       |       |     6 |       ||     6
       Chain mail        |       |       |   281 |   431 ||   712
Dodge: Dodged            |    73 |    51 |    99 |   146 ||   369
Block: Tower shield      |       |       |   264 |   503 ||   767
       Kite shield       |       |       |       |   220 ||   220
